 Dungeon Crawl Stone Soup version 0.20.1-1-g8b1a95d (webtiles) character file.

5022 vomix the Fighter (level 10, 0/102 (103) HPs)
             Began as a Minotaur Berserker on Aug 10, 2017.
             Was a High Priest of Trog.
             Slain by a bullfrog (3 damage)
             ... on level 7 of the Dungeon.
             The game lasted 00:14:15 (5963 turns).

vomix the Fighter (Minotaur Berserker)              Turns: 5963, Time: 00:14:16

HP:   0/102 (103)   AC:  6    Str: 19 (22) XL:     10   Next: 30%
MP:   7/9           EV: 11    Int: -1 (2)  God:    Trog [*****.]
Gold: 349           SH:  0    Dex:  8 (10) Spells: 9/9 levels left

rFire    + + +     SeeInvis .   D - +1 hunting sling "Xiyfu" {freeze, rF+++ Int-4 Dex-3 Stlth+} (curse)
rCold    . . .     Gourm    .   (no shield)
rNeg     . . .     Faith    .   n - +0 ring mail
rPois    .         Spirit   .   (helmet restricted)
rElec    .         Reflect  .   (no cloak)
rCorr    .         Harm     .   w - +0 pair of gloves
MR       .....                  (no boots)
Stlth    +.........             (no amulet)
Regen    0.3/turn               (no ring)
MPRegen  0.2/turn               (no ring)

@: lethally poisoned (0 -> -1), flying, hasted and slowed, lost intelligence,
drained
A: retaliatory headbutt, beak, hooves 1, horns 2, clever 1, wild magic 1
a: Berserk, Trog's Hand, Brothers in Arms, Burn Spellbooks, Renounce Religion


You were on level 7 of the Dungeon.
You worshipped Trog.
Trog was extremely pleased with you.
You were hungry.

You visited 2 branches of the dungeon, and saw 8 of its levels.
You also visited: Sewer.

You collected 349 gold pieces.

Inventory:

Hand Weapons
 z - a +0 war axe
 D - the cursed +1 hunting sling "Xiyfu" (weapon) {freeze, rF+++ Int-4 Dex-3 Stlth+}
   (You found it on level 7 of the Dungeon)

   It causes projectiles fired from it to freeze those they strike, causing
   extra injury to most foes and up to half again as much damage against
   particularly susceptible opponents.
   They can also slow down cold-blooded creatures.
   It affects your intelligence (-4).
   It affects your dexterity (-3).
   It renders you almost immune to fire.
   It makes you more stealthy.
   It has a curse placed upon it.
Armour
 n - a +0 ring mail (worn)
 w - a +0 pair of gloves (worn)
Wands
 a - a wand of polymorph (8/24)
 y - a wand of iceblast (4/15)
Scrolls
 b - 2 scrolls of fear
 e - 5 scrolls of teleportation
 l - a scroll of noise {unknown}
 m - 3 scrolls of remove curse
 p - 2 scrolls of random uselessness {unknown}
 q - a scroll of immolation
 s - 3 scrolls of blinking
 u - 4 scrolls of recharging
 v - a scroll of amnesia {unknown}
Potions
 f - 2 potions of curing
 x - a potion of lignification
 A - a potion of flight
Comestibles
 c - 2 bread rations
 g - 2 meat rations
 r - 5 royal jellies


   Skills:
 + Level 14.1(13.1) Fighting
 + Level 13.9(12.9) Axes
 - Level 2.4(1.6) Armour
 - Level 2.1(1.4) Dodging


You had 9 spell levels left.
You didn't know any spells.

Dungeon Overview and Level Annotations

Branches:
Dungeon (7/15)             Temple (1/1) D:5

Altars:
Ashenzari
Cheibriados
Dithmenos
Fedhas
Hepliaklqana
Kikubaaqudgha
Makhleb
Nemelex Xobeh
Okawaru
Qazlal
Ru
Sif Muna
Trog
Uskayaw
Vehumet
Xom
Yredelemnul
Zin
The Shining One

Shops:
D:5 }?

Annotations:
D:7 bosm's ghost, novice KoHu


Innate Abilities, Weirdness & Mutations

You reflexively headbutt those who attack you in melee.
You have a pair of horns on your head.
You have a beak for a mouth.
You have large cloven feet.
Your mind is acute. (Int +2)
Your spells are a little harder to cast, but a little more powerful.


Message History

You feel sick.
A bullfrog comes into view.
You feel sick.
You feel sick. Bosm's ghost hits you.
* * * LOW HITPOINT WARNING * * *
The bullfrog closely misses you. The bullfrog barely misses you.
Bosm's ghost hits you.
* * * LOW HITPOINT WARNING * * *
You feel drained.
* * * LOW HITPOINT WARNING * * *
You feel sick. The bullfrog barely misses you.
You feel sick. The bullfrog hits you.
* * * LOW HITPOINT WARNING * * *
The bullfrog hits you.
* * * LOW HITPOINT WARNING * * *
The bullfrog barely misses you.
You almost manage to decipher the scroll, but fail in this attempt.
You feel sick. The bullfrog hits you.
You die...

##...#
#..?.....
##....#
.....####
#.....# ....#
##..#..# ..##
#......##
#.........##
.......##.W##
..#####
###F## ##
##@# ###


You could see a bullfrog and bosm's ghost.

Vanquished Creatures
  The ghost of bli the Magician, a novice MfSu (D:6)
  Sigmund (D:5)
  A hungry ghost (D:5)
  A phantom (D:5)
  4 necrophages
  3 ogres
  2 bullfrogs (Sewer)
  2 bullfrog zombies
  5 crimson imps
  A centaur zombie (D:6)
  A jelly (D:5)
  2 hounds
  2 orc priests
  2 iguanas (D:6)
  5 orc wizards
  Ijyb (D:4)
  A worker ant (D:5)
  15 adders
  2 river rats (D:4)
  4 shadow imps
  7 oozes (Sewer)
  2 adder skeletons
  3 worms
  4 dart slugs
  9 leopard geckos
  24 orcs
  11 giant cockroaches
  7 goblins
  6 hobgoblins
  4 jackals (D:2)
  3 quokkas
  15 ball pythons
  6 bats
  15 frilled lizards
  A giant cockroach zombie (D:6)
  5 kobolds
  A leopard gecko skeleton (D:7)
  A leopard gecko zombie (D:6)
  14 rats
194 creatures vanquished.

Vanquished Creatures (others)
  4 bushes (D:6)
  8 plants (D:6)
12 creatures vanquished.

Grand Total: 206 creatures vanquished

Notes
Turn   | Place    | Note
-------+----------+-------------------------------------------
     0 | D:1      | vomix the Minotaur Berserker began the quest for the Orb.
     0 | D:1      | Reached XP level 1. HP: 19/19 MP: 0/0
   199 | D:1      | Reached skill level 4 in Fighting
   342 | D:1      | Reached XP level 2. HP: 26/27 MP: 1/1
  1161 | D:2      | Reached XP level 3. HP: 29/34 MP: 2/2
  1169 | D:2      | Reached ** piety under Trog
  1434 | D:2      | Reached skill level 5 in Fighting
  1453 | D:2      | Reached XP level 4. HP: 22/42 MP: 3/3
  1788 | D:3      | Found a snail-covered altar of Cheibriados.
  1836 | D:3      | Found a shimmering altar of Xom.
  1886 | D:3      | Reached skill level 5 in Axes
  1890 | D:3      | Found an ancient bone altar of Kikubaaqudgha.
  2188 | D:3      | Reached XP level 5. HP: 38/49 MP: 4/4
  2416 | D:4      | Reached *** piety under Trog
  2447 | D:4      | Found a glowing drain.
  2457 | Sewer    | Entered a sewer
  2665 | Sewer    | Reached skill level 6 in Fighting
  2781 | Sewer    | Reached **** piety under Trog
  2801 | Sewer    | Reached XP level 6. HP: 51/58 MP: 5/5
  2881 | Sewer    | Reached skill level 7 in Fighting
  3064 | D:4      | Noticed Ijyb
  3077 | D:4      | Killed Ijyb
  3597 | D:5      | Entered Level 5 of the Dungeon
  3609 | D:5      | Reached XP level 7. HP: 66/66 MP: 6/6
  3691 | D:5      | Reached skill level 8 in Fighting
  3757 | D:5      | Found Cazawewn's Magic Scroll Emporium.
  3964 | D:5      | Found a bloodstained altar of Trog.
  4089 | D:5      | Found a staircase to the Ecumenical Temple.
  4123 | D:5      | Noticed a hungry ghost
  4133 | D:5      | Killed a hungry ghost
  4250 | D:5      | Reached XP level 8. HP: 77/77 MP: 7/7
  4302 | D:5      | Reached skill level 9 in Fighting
  4320 | D:5      | Noticed Sigmund
  4335 | D:5      | Killed Sigmund
  4397 | D:5      | Found Eco Dyur's Gadget Emporium.
  4443 | Temple   | Entered the Ecumenical Temple
  4935 | D:6      | Found a sacrificial altar of Ru.
  5109 | D:6      | Noticed bli's ghost (novice MfSu)
  5112 | D:6      | Reached skill level 10 in Fighting
  5123 | D:6      | Killed bli's ghost
  5123 | D:6      | Reached skill level 10 in Axes
  5150 | D:6      | Reached XP level 9. HP: 69/86 MP: 8/8
  5241 | D:6      | Found a blossoming altar of Fedhas.
  5274 | D:6      | Reached skill level 11 in Fighting
  5689 | D:7      | Reached ***** piety under Trog
  5697 | D:7      | Got an ivory hunting sling
  5698 | D:7      | Lost intelligence.
  5698 | D:7      | Identified the cursed +1 hunting sling "Xiyfu" {freeze, rF+++ Int-4 Dex-3 Stlth+} (You found it on level 7 of the Dungeon)
  5717 | D:7      | Gained mutation: You have large cloven feet. [potion of mutation]
  5717 | D:7      | Gained mutation: Your spells are a little harder to cast, but a little more powerful. [potion of mutation]
  5717 | D:7      | Gained mutation: Your mind is acute. (Int +2) [potion of mutation]
  5717 | D:7      | Gained mutation: You have a beak for a mouth. [potion of mutation]
  5720 | D:7      | Reached skill level 14 in Fighting
  5720 | D:7      | Reached XP level 10. HP: 99/102 MP: 9/9
  5771 | D:7      | Found a hazy altar of Hepliaklqana.
  5925 | D:7      | Noticed bosm's ghost (novice KoHu)
  5959 | D:7      | HP: 5/102 [poisoned by bosm's ghost]
  5963 | D:7      | Slain by a bullfrog

Skill      XL: |  1  2  3  4  5  6  7  8  9 |
---------------+----------------------------+-----
Fighting       | 4 5 6 7 8 10 14 | 14.1
Axes           | 4 5 6 7 8 10 13 | 13.9
Armour         | |  2.4
Dodging        | |  2.1

Action                   |  1- 3 |  4- 6 |  7- 9 | 10-12 || total
-------------------------+-------+-------+-------+-------++-------
Melee: Hand axe          |    85 |   208 |   115 |       ||   408
       Headbutt          |     6 |    35 |    41 |     3 ||    85
       War axe           |       |       |    74 |       ||    74
       Hunting sling     |       |       |       |    25 ||    25
       Kick              |       |       |       |     7 ||     7
       Peck              |       |       |       |     1 ||     1
Invok: Berserk           |       |     1 |     4 |       ||     5
       Trog's Hand       |       |     1 |     2 |       ||     3
       Brothers in Arms  |       |       |     1 |       ||     1
  Use: Scroll            |       |     6 |     1 |       ||     7
       Potion            |       |     1 |    12 |     2 ||    15
  Eat: Chunk             |     2 |     8 |     9 |       ||    19
       Meat ration       |       |       |     1 |       ||     1
Armor: Animal skin       |    18 |     1 |       |       ||    19
       Ring mail         |       |    89 |    50 |    11 ||   150
       Skin              |       |       |     2 |       ||     2
Dodge: Dodged            |    53 |   133 |    71 |    26 ||   283
